 Dungeon Sprint DCSS version 0.20-a0-464-g526fb3c (webtiles) character file.

491 Leonis the Grappler (level 6, -12/72 HPs)
             Began as a Troll Berserker on Jan 11, 2017.
             Was an Elder of Trog.
             Shot with an arrow by a centaur warrior (15 damage)
             ... in the Dungeon (Sprint IX: "|||||||||||||||||||||||||||||").
             The game lasted 00:04:03 (182 turns).

Leonis the Grappler (Troll Berserker)                Turns: 182, Time: 00:04:03

Health: -12/72     AC:  7    Str: 31    XL:     6   Next: 91%
Magic:  5/5        EV: 10    Int:  3    God:    Trog [****..]
Gold:   0          SH:  0    Dex:  9    Spells: 5/5 levels left

rFire  . . .     SeeInvis .       - Unarmed
rCold  . . .     Gourm    +     a - +0 animal skin
rNeg   . . .     Faith    .     (no shield)
rPois  .         Spirit   .     (helmet restricted)
rElec  .         Reflect  .     (no cloak)
rCorr  .         Harm     .     (gloves unavailable)
MR     .....     NoTele   +     (boots unavailable)
Stlth  +.........               (no amulet)
                                m - +2 ring of protection
                                l - +3 ring of strength

@: no status effects
A: unfitting armour, claws 3, fast metabolism 3, gourmand, regeneration 1,
shaggy fur 1, tough skin 2
a: Berserk, Trog's Hand, Brothers in Arms, Burn Spellbooks, Renounce Religion


You were in the Dungeon.
You worshipped Trog.
Trog was greatly pleased with you.
You were not hungry.

You visited 1 branch

Inventory:

Armour
 a - a +0 animal skin (worn)
Jewellery
 l - a +3 ring of strength (left claw)
 m - a +2 ring of protection (right claw)
Wands
 k - a wand of lightning (7/15)
Scrolls
 h - 2 scrolls of blinking
 j - 3 scrolls of remove curse
Potions
 c - 5 potions of curing
 d - 3 potions of heal wounds
 e - a potion of haste
 f - 4 potions of magic
 g - a potion of berserk rage
 i - a potion of invisibility
Comestibles
 b - 2 bread rations


   Skills:
 + Level 8.1 Fighting
 - Level 2.4 Dodging
 + Level 11.8 Unarmed Combat


You had 5 spell levels left.
You didn't know any spells.

Dungeon Overview and Level Annotations

Branches:
Dungeon (1/1)

Altars:
Cheibriados
Dithmenos
Elyvilon
Fedhas
Gozag
Hepliaklqana
Kikubaaqudgha
Makhleb
Nemelex Xobeh
Okawaru
Qazlal
Ru
Sif Muna
Trog
Uskayaw
Vehumet
Xom
Yredelemnul
Zin
The Shining One
Beogh
Jiyva
Lugonu


Innate Abilities, Weirdness & Mutations

You are too large for most types of armour.
You have claws for hands.
Your metabolism is lightning-fast.
You like to eat raw meat.
Your natural rate of healing is unusually fast.
You are covered in fur. (AC +1)
You have very tough skin. (AC +2)


Message History

Your ogre closely misses the crocodile.
The crocodile bites your ogre.
Your ogre hits the crocodile with a giant spiked club!
The crocodile dies!
Trog accepts your kill.
The centaur warrior wields a longbow.
The centaur warrior shoots an arrow.
The arrow hits your ogre!!
Your ogre dies!
Your ogre's corpse disappears in a puff of smoke!
Items here: )) †† a short sword; a hand axe; a big kobold corpse; an orc corpse The centaur warrior shoots an arrow.
The arrow hits you.
You see here an arrow.
The centaur warrior shoots an arrow.
The arrow hits you!
* * * LOW HITPOINT WARNING * * *
You see here an arrow.
The centaur warrior shoots an arrow.
The arrow hits you!
* * * LOW HITPOINT WARNING * * *
You see here an arrow.
The centaur warrior shoots an arrow.
The arrow hits you!
You die...

▓.▓
▓(▓
▓'▓
▓)▓
▓)▓
▓(▓
▓(▓
▓(▓
▓@▓
▓†▓
▓c▓
▓u▓
▓a▓
▓F▓
▓H▓
▓.▓


You could see a green ugly thing, a centaur warrior, a hippogriff, a bullfrog
and a worker ant.

Vanquished Creatures
  A wyvern (D)
  2 centaurs (D)
  An iguana (D)
  A worker ant (D)
  An adder skeleton (D)
  A leopard gecko (D)
  A bat (D)
  2 giant cockroaches (D)
  A frilled lizard (D)
  A kobold (D)
12 creatures vanquished.

Vanquished Creatures (collateral kills)
  A black bear (D)
  A crocodile (D)
  A big kobold (D)
  An orc (D)
  A giant cockroach zombie (D)
5 creatures vanquished.

Grand Total: 17 creatures vanquished

Notes
Turn   | Place    | Note
-------+----------+-------------------------------------------
     0 | D        | Leonis the Troll Berserker began the quest for the Orb.
     0 | D        | Reached XP level 1. HP: 22/22 MP: 0/0
     9 | D        | Reached ** piety under Trog
    15 | D        | Reached skill level 4 in Unarmed Combat
    20 | D        | Noticed an iguana
    20 | D        | Noticed a worker ant
    20 | D        | Noticed a centaur
    25 | D        | Reached *** piety under Trog
    25 | D        | Reached XP level 2. HP: 31/31 MP: 1/1
    26 | D        | Reached skill level 5 in Unarmed Combat
    26 | D        | Reached XP level 3. HP: 39/39 MP: 2/2
    33 | D        | Reached skill level 6 in Unarmed Combat
    35 | D        | Killed a centaur
    35 | D        | Reached skill level 5 in Fighting
    35 | D        | Reached skill level 8 in Unarmed Combat
    35 | D        | Reached XP level 4. HP: 24/52 MP: 3/3
    35 | D        | Reached XP level 5. HP: 28/59 MP: 4/4
    97 | D        | Found a roughly hewn altar of Beogh.
    97 | D        | Found a snail-covered altar of Cheibriados.
    97 | D        | Found a shadowy altar of Dithmenos.
    97 | D        | Found a white marble altar of Elyvilon.
    97 | D        | Found a blossoming altar of Fedhas.
    97 | D        | Found an opulent altar of Gozag.
    98 | D        | Found a hazy altar of Hepliaklqana.
    99 | D        | Found a viscous altar of Jiyva.
   100 | D        | Found an ancient bone altar of Kikubaaqudgha.
   101 | D        | Found a corrupted altar of Lugonu.
   102 | D        | Found a burning altar of Makhleb.
   103 | D        | Found a sparkling altar of Nemelex Xobeh.
   104 | D        | Found an iron altar of Okawaru.
   105 | D        | Found a stormy altar of Qazlal.
   106 | D        | Found a sacrificial altar of Ru.
   107 | D        | Found a deep blue altar of Sif Muna.
   108 | D        | Found a bloodstained altar of Trog.
   109 | D        | Found a hide-covered altar of Uskayaw.
   110 | D        | Found a radiant altar of Vehumet.
   111 | D        | Found a shimmering altar of Xom.
   112 | D        | Found a basalt altar of Yredelemnul.
   113 | D        | Found a glowing silver altar of Zin.
   114 | D        | Found a glowing golden altar of the Shining One.
   153 | D        | Noticed a wyvern
   153 | D        | Noticed a centaur
   153 | D        | Noticed a black bear
   156 | D        | Killed a wyvern
   156 | D        | Reached **** piety under Trog
   156 | D        | Reached skill level 10 in Unarmed Combat
   156 | D        | Reached XP level 6. HP: 41/71 MP: 5/5
   159 | D        | Reached skill level 11 in Unarmed Combat
   174 | D        | Noticed a centaur warrior
   174 | D        | Noticed a green ugly thing
   174 | D        | Noticed a hippogriff
   181 | D        | HP: 2/72 [centaur warrior/arrow (13)]
   182 | D        | Shot with an arrow by a centaur warrior

Vault maps used:
D:        linesprint

Skill      XL: |  1  2  3  4  5  6 |
---------------+-------------------+-----
Fighting       | 3 4 5 7 8 |  8.1
Unarmed Combat | 4 5 8 10 11 | 11.8
Dodging        | |  2.4

Action                   |  1- 3 |  4- 6 || total
-------------------------+-------+-------++-------
Melee: Unarmed           |    22 |     6 ||    28
Invok: Brothers in Arms  |       |     1 ||     1
Armor: Animal skin       |     8 |     2 ||    10
Dodge: Dodged            |    10 |     6 ||    16
